 Dungeon Crawl Stone Soup version 0.29.0-7-g18a832c13a (webtiles) character file.

Game seed: 2952816237154802281

59 nickcage the Cudgeller (level 3, -2/30 HPs)
             Began as a Minotaur Gladiator on Aug 30, 2022.
             Was an Initiate of Yredelemnul.
             Slain by Sigmund
             ... wielding a +2 scythe of venom
              (3 damage)
             ... on level 2 of the Dungeon.
             The game lasted 00:02:29 (1165 turns).

nickcage the Cudgeller (Minotaur Gladiator)         Turns: 1165, Time: 00:02:30

Health: -2/30      AC:  8    Str: 20    XL:     3   Next: 78%
Magic:  2/2        EV:  8    Int:  5    God:    Yredelemnul [......]
Gold:   38         SH:  0    Dex: 11    Spells: 2/2 levels left

rFire   . . .      SeeInvis .   a - +0 flail
rCold   . . .      Faith    .   (no shield)
rNeg    . . .      Spirit   .   k - +0 chain mail
rPois   .          Reflect  .   c - +0 hat
rElec   .          Harm     .   (no cloak)
rCorr   .          Rampage  .   (no gloves)
Will    .....                   (no boots)
Stlth   ..........              (no amulet)
HPRegen 0.10/turn               (no ring)
MPRegen 0.08/turn               (no ring)

@: lethally poisoned (-2 -> -8)
A: horns 2, retaliatory headbutt
a: Renounce Religion, Recall Undead Harvest


You were on level 2 of the Dungeon.
You worshipped Yredelemnul.
Yredelemnul was noncommittal.
You visited 1 branch of the dungeon, and saw 2 of its levels.

You collected 38 gold pieces.

Inventory:

Hand Weapons
 a - a +0 flail (weapon)
Missiles
 d - 3 throwing nets (quivered)
 e - a javelin
Armour
 b - a +0 leather armour
 c - a +0 hat (worn)
 k - a +0 chain mail (worn)
Scrolls
 h - a scroll of identify {unknown}
 i - a scroll of enchant armour {unknown}
 j - a scroll of blinking {unknown}
Potions
 f - a potion of heal wounds {unknown}
 g - a potion of curing {unknown}
 l - a potion of might {unknown}


   Skills:
 - Level 2.4 Fighting
 + Level 5.8 Maces & Flails
 - Level 2.0 Throwing
 - Level 3.2 Dodging


You had 2 spell levels left.
You didn't know any spells.
Your spell library contained the following spells:

 Spells                   Type           Power      Damage    Failure   Level
 Static Discharge         Conj/Air       0%         3-3/arc   100%        2
 Sublimation of Blood     Necr           0%         N/A       100%        2
 Wereblood                Tmut           0%         N/A       100%        2
 Lightning Bolt           Conj/Air       0%         1d11      100%        5
 Summon Hydra             Summ           0%         N/A       100%        7
 Maxwell's Capacitive Co  Air            0%         ∞         100%        8


Dungeon Overview and Level Annotations

Branches:
Dungeon (2/15)

Altars:
Yredelemnul

Shops:
D:1 [

Annotations:
D:2 Sigmund


Innate Abilities, Weirdness & Mutations

You have a pair of horns on your head.
You reflexively headbutt those who attack you in melee.


Message History

The dead are walking!
No target in view!
You now have 38 gold pieces (gained 10).
Jessica the Apprentice Sorceress comes into view.
She is wielding a +1 dagger of venom and wearing a +2 robe of positive energy.
Jessica shouts!
You hear a shout!
Jessica gestures wildly while chanting.
Jessica blinks!
Sigmund the Dreaded comes into view.
He is wielding a +2 scythe of venom.
Sigmund says, "I'm your fate."
You hit Jessica but do no damage. Your punch misses Jessica.
Jessica hits you with a +1 dagger of venom.
Sigmund hits you from afar with a +2 scythe of venom.
You sock Jessica!
Jessica is severely wounded.
Jessica hits you but does no damage.
You are poisoned.
You hit Jessica but do no damage.
Jessica is severely wounded.
You feel very sick. Sigmund completely misses you.
Jessica hits you with a +1 dagger of venom.
You are more poisoned.
You thump Jessica!
You kill Jessica!
You feel very sick.
Sigmund hits you from afar with a +2 scythe of venom.
* * * LOW HITPOINT WARNING * * *
You are too injured to fight recklessly!
* * * LOW HITPOINT WARNING * * *
You feel very sick.
Sigmund hits you from afar with a +2 scythe of venom.
* * * LOW HITPOINT WARNING * * *
* * * LOW HITPOINT WARNING * * *
You feel sick.
You barely miss Sigmund.
* * * LOW HITPOINT WARNING * * *
You feel sick.
Sigmund hits you with a +2 scythe of venom.
You die...
Your body rises from the dead as a mindless zombie.

.. #+# #. #.# ###.
####<#### ...
#.......# ##.##
#(#...#.## ##...##
#........#
##...@.####<....#..#
#....@)Z.......##..#
##.....####..#.# ...
##...## #...... ..#
##.## ######## ##


You could see Sigmund (ally target) and a friendly endoplasm zombie.

Vanquished Creatures
  Jessica (D:2)
  3 dart slugs (D:1)
  A ball python (D:1)
  An endoplasm (D:2)
  3 giant cockroaches (D:1)
  6 goblins (D:1)
  2 hobgoblins (D:1)
  4 bats (D:1)
  A frilled lizard (D:1)
  A kobold (D:1)
  3 rats (D:1)
26 creatures vanquished.

Notes
Turn   | Place    | Note
-------+----------+-------------------------------------------
     0 | D:1      | nickcage the Minotaur Gladiator began the quest for the
                  | Orb.
     0 | D:1      | Reached XP level 1. HP: 18/18 MP: 0/0
    98 | D:1      | Found Juboniy's Antique Armour Shoppe.
   198 | D:1      | Reached skill level 4 in Maces & Flails
   338 | D:1      | Reached XP level 2. HP: 15/25 MP: 1/1
   852 | D:1      | Reached skill level 5 in Maces & Flails
   926 | D:1      | Found a faded altar of an unknown god.
   945 | D:1      | Prayed at the altar of an unknown god.
   945 | D:1      | Became a worshipper of Yredelemnul the Dark
   945 | D:1      | Reached * piety under Yredelemnul
  1063 | D:1      | Reached XP level 3. HP: 28/30 MP: 2/2
  1155 | D:2      | Noticed Jessica
  1156 | D:2      | Noticed Sigmund
  1162 | D:2      | Killed Jessica
  1165 | D:2      | HP: 1/30 [poisoned by Jessica]
  1165 | D:2      | Slain by Sigmund

Illustrated notes

Levels and vault maps discovered:
D:1:      scummos_arrival_gate, layout_loops_ring, serial_aquarium,
          aquarium_bridge_straight [aquarium_subvault_bridge,
          aquarium_subvault_wall, aquarium_subvault_bridge,
          aquarium_subvault_wall], aquarium_window_2, aquarium_window_3,
          aquarium_window_fake, aquarium_view_2d, aquarium_view_2b,
          aquarium_pool_2, serial_shops, nicolae_shop_trees,
          hellmonk_ecumenical_altar_prayer_group
D:2:      minmay_spotlight, layout_loops_corners, uniq_terence, uniq_sigmund,
          uniq_jessica

Skill      XL: |  1  2 |
---------------+-------+-----
Maces & Flails | 4 5 |  5.8
Fighting       | |  2.4
Throwing       | |  2.0
Dodging        | |  3.2

Action                   || total
-------------------------++-------
Melee: Flail             ||    40
       Headbutt          ||     6
Armor: Leather armour    ||    10
       Chain mail        ||     4
Dodge: Dodged            ||    16
